 Dungeon Crawl Stone Soup version 0.28.0 (webtiles) character file.

Game seed: 836482802168713316

2937 pkoi the Carver (level 9, -3/81 HPs)
             Began as a Minotaur Gladiator on Feb 7, 2022.
             Was an Initiate of Gozag.
             Slain by a five-headed hydra (7 damage)
             ... on level 7 of the Dungeon.
             The game lasted 00:07:35 (8752 turns).

pkoi the Carver (Minotaur Gladiator)                Turns: 8752, Time: 00:07:38

Health: -3/81      AC: 14    Str: 28    XL:     9   Next: 51%
Magic:  8/8        EV: 10    Int:  5    God:    Gozag
Gold:   560        SH:  0    Dex: 13    Spells: 8/8 levels left

rFire   + . .      SeeInvis .   a - +1 long sword (flame)
rCold   . . .      Faith    .   (no shield)
rNeg    . . .      Spirit   .   D - +0 chain mail
rPois   .          Reflect  .   c - +0 hat
rElec   .          Harm     .   (no cloak)
rCorr   .          Rampage  .   v - +1 pair of gloves
Will    .....                   n - +0 pair of boots
Stlth   ..........              (no amulet)
HPRegen 0.23/turn               y - +6 ring of strength
MPRegen 0.11/turn               C - ring of protection from fire

@: gold aura
A: horns 2, retaliatory headbutt
a: Renounce Religion, Potion Petition, Call Merchant, Bribe Branch


You were on level 7 of the Dungeon.
You worshipped Gozag.
Gozag was pleased with you.
You visited 2 branches of the dungeon, and saw 8 of its levels.

You collected 631 gold pieces.
You paid 71 gold pieces to Gozag.

Inventory:

Hand Weapons
 a - a +1 long sword of flaming (weapon)
 p - the +4 whip "Kuppir" {drain, rPois rN+ Stlth+}
   (You found it on level 3 of the Dungeon)

   A truly terrible weapon, it drains the life of any living foe it strikes.
   rPois:     It protects you from poison.
   rN:        It protects you from negative energy.
   Stlth:     It makes you more stealthy.
Missiles
 d - 3 throwing nets (quivered)
Armour
 c - a +0 hat (worn)
 n - a +0 pair of boots (worn)
 v - a +1 pair of gloves (worn)
 D - a +0 chain mail (worn)
Jewellery
 y - a +6 ring of strength (left hand)
 C - a ring of protection from fire (right hand)
Wands
 A - a wand of polymorph (8)
Scrolls
 b - a scroll of fear
 f - a scroll of brand weapon
 i - a scroll of torment
 j - 2 scrolls of holy word
 k - 4 scrolls of identify
 o - a scroll of amnesia {unknown}
 t - 3 scrolls of teleportation
 B - a scroll of immolation {unknown}
Potions
 e - 2 potions of curing
 g - 3 potions of resistance {unknown}
 h - a potion of heal wounds
 l - a potion of might {unknown}
 m - 2 potions of haste {unknown}
 q - a potion of lignification {unknown}
 r - 2 potions of mutation {unknown}
 s - 3 potions of brilliance {unknown}
 u - 2 potions of degeneration {unknown}
 w - a potion of cancellation {unknown}
 x - a potion of invisibility {unknown}
 z - a potion of magic {unknown}


   Skills:
 + Level 8.2 Fighting
 * Level 11.7 Long Blades
 - Level 2.0 Throwing
 + Level 7.8 Armour
 - Level 3.2 Dodging


You had 8 spell levels left.
You didn't know any spells.
Your spell library contained the following spells:

 Spells                   Type           Power      Damage    Failure   Level
 Animate Skeleton         Necr           0%         N/A       94%         1
 Beastly Appendage        Tmut           0%         N/A       94%         1
 Pain                     Necr           0%         1d4       94%         1
 Slow                     Hex            0%         N/A       94%         1
 Wereblood                Tmut           0%         N/A       98%         2
 Confusing Touch          Hex            0%         N/A       100%        3
 Ignite Poison            Fire/Tmut/Pois 0%         N/A       100%        3
 Mephitic Cloud           Conj/Pois/Air  0%         N/A       100%        3
 Spider Form              Tmut/Pois      0%         N/A       100%        3
 Vampiric Draining        Necr           0%         2d6       100%        3
 Freezing Cloud           Conj/Ice/Air   0%         6-21      100%        5
 Simulacrum               Ice/Necr       0%         N/A       100%        6
 Polar Vortex             Ice            0%         N/A       100%        9


Dungeon Overview and Level Annotations

Branches:
Dungeon (7/15)             Temple (1/1) D:6

Altars:
Ashenzari
Cheibriados
Dithmenos
Elyvilon
Fedhas
Gozag
Hepliaklqana
Kikubaaqudgha
Makhleb
Nemelex Xobeh
Okawaru
Ru
Trog
Wu Jian
Xom
Yredelemnul
Zin
The Shining One


Innate Abilities, Weirdness & Mutations

You have a pair of horns on your head.
You reflexively headbutt those who attack you in melee.


Message History

* * * LOW HITPOINT WARNING * * *
The eight-headed hydra bites you.
* * * LOW HITPOINT WARNING * * *
The eight-headed hydra barely misses you.
The eight-headed hydra bites you but does no damage.
The eight-headed hydra bites you!
* * * LOW HITPOINT WARNING * * *
You lop one of the eight-headed hydra's heads off!
The flame cauterises the wound!
You slash the seven-headed hydra! You burn the seven-headed hydra.
The seven-headed hydra is moderately wounded.
The seven-headed hydra bites you but does no damage.
The seven-headed hydra bites you.
* * * LOW HITPOINT WARNING * * *
The seven-headed hydra barely misses you.
The seven-headed hydra bites you!
* * * LOW HITPOINT WARNING * * *
The seven-headed hydra bites you!
* * * LOW HITPOINT WARNING * * *
The seven-headed hydra bites you but does no damage.
The seven-headed hydra bites you.
* * * LOW HITPOINT WARNING * * *
You chop one of the seven-headed hydra's heads off!
The flame cauterises the wound!
You slash the six-headed hydra! You burn the six-headed hydra.
The six-headed hydra is heavily wounded.
Unknown command.
You lop one of the six-headed hydra's heads off!
The flame cauterises the wound!
You slash the five-headed hydra! You burn the five-headed hydra.
The five-headed hydra is severely wounded.
The five-headed hydra bites you but does no damage.
The five-headed hydra bites you!
* * * LOW HITPOINT WARNING * * *
The five-headed hydra bites you but does no damage.
The five-headed hydra bites you.
* * * LOW HITPOINT WARNING * * *
The five-headed hydra bites you!
You die...
Your body crumbles into a pile of gold.

######.##.#######
#......##...
#.########.####
#.# #..... #.#
#.... #.# #....
#.########.###
#.#.?.......###
#.#.#..##.D@..#
#.# #.###.# #.#
#. #.# #.# #D #.#
#.# .. #.# #.# ##
#.#
#.###########.#
#.............#
###############


You could see a five-headed hydra.

Vanquished Creatures
  Sigmund (D:5)
  Edmund (D:5)
  A water moccasin (D:5)
  2 orc warriors (D:6)
  3 ice beasts
  3 sky beasts
  A necrophage (D:5)
  An ogre (D:6)
  A phantom (D:6)
  2 centaurs
  2 bullfrogs (D:6)
  8 scorpions
  A water moccasin skeleton (D:5)
  A hound (D:4)
  A jelly (D:5)
  4 orc priests
  Ijyb (D:4)
  6 orc wizards
  4 iguanas
  A hound skeleton (D:4)
  7 gnolls
  10 adders
  A white imp (D:6)
  A worm (D:3)
  5 dart slugs
  22 orcs
  5 ball pythons
  16 bats
  8 endoplasms
  5 giant cockroaches
  11 goblins
  7 hobgoblins
  2 quokkas
  A frilled lizard (D:1)
  7 kobolds
  12 rats
165 creatures vanquished.

Vanquished Creatures (others)
  9 fungi
  2 plants (D:4)
11 creatures vanquished.

Grand Total: 176 creatures vanquished

Notes
Turn   | Place    | Note
-------+----------+-------------------------------------------
     0 | D:1      | pkoi the Minotaur Gladiator began the quest for the Orb.
     0 | D:1      | Reached XP level 1. HP: 18/18 MP: 0/0
   225 | D:1      | Reached skill level 4 in Long Blades
   228 | D:1      | Reached XP level 2. HP: 21/25 MP: 1/1
   299 | D:1      | Reached skill level 1 in Armour
   522 | D:1      | Reached XP level 3. HP: 29/31 MP: 2/2
  1229 | D:2      | Found a faded altar of an unknown god.
  1643 | D:3      | Reached XP level 4. HP: 38/38 MP: 3/3
  1722 | D:3      | Identified the +4 whip "Kuppir" {drain, rPois rN+ Stlth+}
  1754 | D:3      | Reached skill level 5 in Long Blades
  2001 | D:3      | Found a burning altar of Makhleb.
  2001 | D:3      | Noticed an Executioner
  2376 | D:3      | Found an ancient bone altar of Kikubaaqudgha.
  2883 | D:4      | Reached XP level 5. HP: 33/46 MP: 4/4
  2893 | D:4      | Reached skill level 6 in Long Blades
  3377 | D:4      | Noticed a centaur
  3384 | D:4      | Reached XP level 6. HP: 39/53 MP: 5/5
  3527 | D:4      | Reached skill level 7 in Long Blades
  3786 | D:4      | Reached XP level 7. HP: 46/60 MP: 6/6
  3801 | D:4      | Reached skill level 5 in Fighting
  4048 | D:4      | Reached skill level 8 in Long Blades
  4528 | D:5      | Entered Level 5 of the Dungeon
  4528 | D:5      | Noticed Ijyb
  4548 | D:4      | Killed Ijyb
  4662 | D:5      | Reached skill level 5 in Armour
  4673 | D:5      | Noticed Sigmund
  4939 | D:5      | Reached XP level 8. HP: 70/70 MP: 7/7
  5002 | D:5      | Killed Sigmund
  5003 | D:5      | Reached skill level 9 in Long Blades
  5149 | D:5      | Noticed Edmund
  5173 | D:5      | Killed Edmund
  5493 | D:5      | Found an opulent altar of Gozag.
  5510 | D:5      | Became a worshipper of Gozag Ym Sagoz the Greedy
  5925 | D:5      | Found a shimmering altar of Xom.
  6064 | D:5      | Reached skill level 10 in Long Blades
  6613 | D:6      | Reached XP level 9. HP: 59/79 MP: 8/8
  7092 | D:6      | Reached skill level 11 in Long Blades
  7124 | D:6      | Found a staircase to the Ecumenical Temple.
  7165 | Temple   | Entered the Ecumenical Temple
  7686 | D:6      | Found an iron altar of Okawaru.
  8744 | D:7      | Noticed an eight-headed hydra
  8752 | D:7      | HP: 4/81 [five-headed hydra (3)]
  8752 | D:7      | Slain by a five-headed hydra

Illustrated notes

Levels and vault maps discovered:
D:1:      lightli_iron_boxes, layout_basic
D:2:      layout_rooms, basic_ecumenical_altar, minmay_rat_gold_closets
D:3:      kennysheep_six_static_rooms, layout_basic, makhleb_altar_promises_db,
          overflow_temple_1_default
D:4:      old_forge, layout_basic, feat_on_display
D:5:      layout_cave_pods, mainiacjoe_overflow_alcove_4,
          mainiacjoe_overflow_24_doors, chequers_serial_rivers_micro_a,
          uniq_ijyb, uniq_edmund, uniq_sigmund
D:6:      layout_basic, lemuel_coloured_pillars_altar, minmay_temple_entry_mist,
          serial_aquarium, aquarium_bridge_long_joined
          [aquarium_subvault_balcony, aquarium_subvault_bridge,
          aquarium_subvault_balcony, aquarium_subvault_window,
          aquarium_subvault_bridge, aquarium_subvault_balcony],
          aquarium_window_fake, aquarium_window_corner, aquarium_view_2e
D:7:      layout_basic, mainiacjoe_overflow_surrounded_room,
          mainiacjoe_overflow_catch_the_wave
Temple:   dshaligram_water_room_temple

Skill      XL: |  1  2  3  4  5  6  7  8  9 |
---------------+----------------------------+-----
Long Blades    | 4 5 6 7 8 10 11 | 11.7
Armour         | 1 2 3 4 5 6 7 |  7.8
Fighting       | 3 4 6 7 8 |  8.2
Throwing       | |  2.0
Dodging        | |  3.2

Action                   |  1- 3 |  4- 6 |  7- 9 || total
-------------------------+-------+-------+-------++-------
Melee: Long sword        |    78 |     5 |     4 ||    87
       Headbutt          |     7 |    20 |    40 ||    67
       Whip              |       |   101 |   295 ||   396
       Unarmed           |       |       |    12 ||    12
       Punch             |       |       |     7 ||     7
  Use: Scroll            |       |       |    10 ||    10
 Stab: Sleeping          |       |     1 |     4 ||     5
       Distracted        |       |       |     1 ||     1
Armor: Leather armour    |    24 |    43 |   103 ||   170
       Skin              |       |       |     3 ||     3
       Chain mail        |       |       |    28 ||    28
Dodge: Dodged            |    52 |    75 |   163 ||   290
